 Dungeon Crawl Stone Soup version 0.30.0-30-g96aa6591b8 (webtiles) character file.

Game seed: 11467817472744686417

54 BreadTh the Charlatan (level 3, 0/28 HPs)
             Began as a Gnoll Artificer on June 29, 2023.
             Hit by a goblin thrown by Robin (1 damage)
             ... on level 3 of the Dungeon.
             The game lasted 00:06:00 (1686 turns).

BreadTh the Charlatan (Gnoll Artificer)             Turns: 1686, Time: 00:06:01

Health: 0/28       AC:  3    Str: 11    XL:     3   Next: 91%
Magic:  4/4        EV: 12    Int: 18    God:
Gold:   55         SH:  0    Dex: 12    Spells: 4/4 levels left

rFire   . . .        g - +0 dagger
rCold   . . .        (no shield)
rNeg    . . .        b - +0 leather armour
rPois   .            (no helmet)
rElec   .            (no cloak)
rCorr   .            (no gloves)
SInv    .            (no boots)
Will    .....        (no amulet)
Stlth   ++           h - +6 ring of intelligence
HPRegen 0.24/turn    (no ring)
MPRegen 0.09/turn

%: no passive effects
@: no status effects
A: fangs 1, strong nose, distributed training
a: no special abilities


You were on level 3 of the Dungeon.
You visited 1 branch of the dungeon, and saw 3 of its levels.

You collected 83 gold pieces.
You spent 28 gold pieces at shops.

Inventory:

Hand Weapons
 f - a +0 mace
 g - a +0 dagger (weapon)
Missiles
 j - 21 stones
Armour
 b - a +0 leather armour (worn)
Jewellery
 h - a +6 ring of intelligence (left hand)
Wands
 c - a wand of flame (12) (quivered)
 d - a wand of charming (14)
 e - a wand of iceblast (4)
Scrolls
 a - 2 scrolls of enchant weapon {unknown}
 k - 2 scrolls of fog {unknown}
Potions
 i - a potion of flight
 n - 2 potions of might {unknown}
 o - a potion of invisibility {unknown}


   Skills:
 + Level 2.7 Fighting
 + Level 1.0 Short Blades
 + Level 1.0 Long Blades
 + Level 1.0 Axes
 + Level 1.0 Maces & Flails
 + Level 1.0 Polearms
 + Level 1.0 Staves
 + Level 1.0 Ranged Weapons
 + Level 1.0 Throwing
 + Level 4.6 Armour
 + Level 2.7 Dodging
 + Level 2.5 Stealth
 + Level 1.0 Shields
 + Level 1.0 Unarmed Combat
 + Level 1.0 Spellcasting
 + Level 0.7 Conjurations
 + Level 0.7 Hexes
 + Level 0.7 Summonings
 + Level 0.7 Necromancy
 + Level 0.7 Translocations
 + Level 0.7 Transmutations
 + Level 0.7 Fire Magic
 + Level 0.7 Ice Magic
 + Level 0.7 Air Magic
 + Level 0.7 Earth Magic
 + Level 0.7 Poison Magic
 + Level 1.1 Invocations
 + Level 6.5 Evocations


You had 4 spell levels left.
You didn't know any spells.
Your spell library was empty.

Dungeon Overview and Level Annotations

Branches:
Dungeon (3/15)

Altars:

Shops:
D:3 ?

Annotations:
D:3 Ijyb, Robin


Innate Abilities, Weirdness & Mutations

You have very sharp teeth.
Your uncanny sense of smell can sniff out nearby items.
Your experience applies equally to all skills.


Message History

A goblin comes into view. It is wielding a +0 dagger.
The goblin moves out of view.
Search for what [? for help]? weapon A goblin comes into view.
It is wielding a +0 dagger.
Robin shouts!
The goblin shouts!
You hear a shout!
Robin roars a battlecry!
The goblins go into a battle-frenzy!
A goblin comes into view. It is wielding a +0 sling.
You closely miss the goblin. You bite the goblin, but do no damage.
Robin throws the goblin at you! The goblin hits you with a +0 dagger.
You barely miss the goblin. The goblin hits you with a +0 dagger.
The goblin barely misses you.
You hit the goblin.
The goblin is moderately wounded.
The goblin hits you with a +0 dagger.
Robin roars a battlecry!
A goblin comes into view. It is wielding a +0 dagger.
The goblin hits you with a +0 dagger.
You hear a shout!
You hit the goblin. You punch the goblin, but do no damage.
The goblin is heavily wounded.
The goblin hits you with a +0 dagger. The goblin closely misses you.
You miss the goblin.
The goblin is heavily wounded.
The goblin barely misses you.
A goblin comes into view. It is wielding a +0 dagger.
The goblin hits you with a +0 dagger.
You hit the goblin.
You kill the goblin!
Robin throws the goblin at you!
* * * LOW HITPOINT WARNING * * *
The goblin hits you with a +0 dagger.
* * * LOW HITPOINT WARNING * * *
Unknown command.
You hit the goblin.
You kill the goblin!
The goblin hits you with a +0 dagger.
* * * LOW HITPOINT WARNING * * *
Robin throws the goblin at you!
You die...

# ..#.# # #...# # #####g.# #
#.....# # ###.###g## #...#
#..## ### #.### ##gg#
..######.# ##g# #...##...#
#@# ###..#.### #g# ##.#.#
#.## #.#.# #.)# #...# ##.#
####...####### #.# ########
.............####.###......#
###.#.######...............#
#.#.# ######.###......#


You could see Ijyb (strong), Robin and 4 goblins.

Vanquished Creatures
  An adder (D:2)
  2 worms (D:2)
  2 dart slugs
  2 bats
  2 endoplasms
  2 giant cockroaches (D:1)
  7 goblins
  A hobgoblin (D:1)
  2 quokkas (D:2)
  A frilled lizard (D:2)
  5 kobolds
  4 rats
31 creatures vanquished.

Vanquished Creatures (collateral kills)
  A goblin (D:3)
  2 hobgoblins (D:3)
3 creatures vanquished.

Grand Total: 34 creatures vanquished

Notes
Turn   | Place    | Note
-------+----------+-------------------------------------------
     0 | D:1      | BreadTh the Gnoll Artificer began the quest for the Orb.
     0 | D:1      | Reached XP level 1. HP: 17/17 MP: 1/1
   137 | D:1      | Reached XP level 2. HP: 23/23 MP: 2/2
   324 | D:1      | You fall into a shaft and drop 1 floor!
   612 | D:2      | Reached XP level 3. HP: 20/28 MP: 3/3
   809 | D:2      | Reached skill level 1 in Invocations
  1420 | D:3      | Found Seyhelixt's Magic Scroll Shop.
  1454 | D:3      | Reached skill level 1 in Short Blades
  1454 | D:3      | Reached skill level 1 in Long Blades
  1454 | D:3      | Reached skill level 1 in Axes
  1454 | D:3      | Reached skill level 1 in Maces & Flails
  1454 | D:3      | Reached skill level 1 in Polearms
  1454 | D:3      | Reached skill level 1 in Staves
  1454 | D:3      | Reached skill level 1 in Ranged Weapons
  1454 | D:3      | Reached skill level 1 in Throwing
  1454 | D:3      | Reached skill level 1 in Shields
  1454 | D:3      | Reached skill level 1 in Unarmed Combat
  1454 | D:3      | Reached skill level 1 in Spellcasting
  1458 | D:3      | Bought a scroll of identify for 28 gold pieces
  1578 | D:3      | Noticed Ijyb
  1666 | D:3      | Noticed Robin
  1686 | D:3      | HP: 1/28 [goblin/+0 dagger[Robin] (3)]
  1686 | D:3      | Hit by a goblin thrown by Robin

Illustrated notes

Levels and vault maps discovered:
D:1:      minmay_arrival_arboretum_small, layout_loops_ring
D:2:      layout_basic
D:3:      layout_rooms, serial_shops, shop, chequers_serial_rivers_large_b,
          uniq_robin, uniq_ijyb

Skill      XL: |  1  2  3 |
---------------+----------+-----
Invocations    | 1 |  1.1
Short Blades   | 1 |  1.0
Long Blades    | 1 |  1.0
Axes           | 1 |  1.0
Maces & Flails | 1 |  1.0
Polearms       | 1 |  1.0
Staves         | 1 |  1.0
Ranged Weapons | 1 |  1.0
Throwing       | 1 |  1.0
Shields        | 1 |  1.0
Unarmed Combat | 1 |  1.0
Spellcasting   | 1 |  1.0
Fighting       | |  2.7
Armour         | |  4.6
Dodging        | |  2.7
Stealth        | |  2.5
Conjurations   | |  0.7
Hexes          | |  0.7
Summonings     | |  0.7
Necromancy     | |  0.7
Translocations | |  0.7
Transmutations | |  0.7
Fire Magic     | |  0.7
Ice Magic      | |  0.7
Air Magic      | |  0.7
Earth Magic    | |  0.7
Poison Magic   | |  0.7
Evocations     | |  6.5

Action                     || total
---------------------------++-------
  Melee: Dagger            ||    54
         Mace              ||    86
         Bite              ||    10
         Punch             ||     3
  Evoke: Wand              ||     5
    Use: Scroll            ||     2
   Stab: Sleeping          ||     7
 Armour: Leather armour    ||    27
  Dodge: Dodged            ||    77
